[Event "*** Titled Tuesday Blitz"]
[Site "Chess.com"]
[Date "2020.10.20"]
[Round "3"]
[White "Sokoloco"]
[Black "Tooweak2slow03"]
[Result "0-1"]
[WhiteElo "2493"]
[BlackElo "2778"]
[TimeControl "180+1"]
[EndTime "10:28:49 PDT"]
[Termination "Tooweak2slow03 won on time"]

1. b3 e6 2. Bb2 b6 3. e3 Bb7 4. Nf3 f5 5. d4 Nf6 6. c4 Bb4+ 7.
Nbd2 O-O 8. Bd3 Qe8 9. a3 Bxd2+ 10. Qxd2 d6 11. O-O-O c5 12. dxc5 bxc5 13. Rhg1 a5 14. Qc3 a4 15. Nd2 Nc6 16. g4 fxg4 17. Rxg4 e5 18. Rg5 Qe7 19. Rdg1 g6 20. Bxg6 hxg6 21. Rxg6+ Kh8 22. f4 Qh7 23. Nf3 Na5 24. fxe5 Bxf3 25. exf6 Nxb3+ 26. Kb1 Rf7 27. Ka2 Qxh2 28. Rg7 d5 29. Rxf7 Qxg1 30. Ra7 d4 31. exd4 Rxa7 32. Qxf3 Nc1+ 33. Bxc1 Qxc1 34. Qh5+ Kg8 35. Qe8+ Kh7 36. Qe4+ Kh6 37. Qh4+ Kg6 38. Qg4+ Kxf6 39. Qf3+ Ke6 40. Qd5+ Kf6 41. Qd6+ Kg5 42. Qe5+ Kg4 43. Qe6+ Kg3 44. Qd6+ Qf4 45. Qg6+ Kf2 46. Qc2+ Ke1 47. Qb1+ Ke2 0-1

[Event "*** Titled Tuesday Blitz"]
[Site "Chess.com"]
[Date "2020.10.20"]
[Round "3"]
[White "gmpeter008"]
[Black "Love_craft"]
[Result "1-0"]
[WhiteElo "2418"]
[BlackElo "2616"]
[TimeControl "180+1"]
[EndTime "10:28:49 PDT"]
[Termination "gmpeter008 won by resignation"]

1. e4 g6 2. d4 Bg7 3. Nf3 d6 4. Be2 Nf6 5. Nc3 O-O 6. O-O Nbd7 7. Bf4 Nh5 8. Bg5 h6 9. Be3 e5 10. dxe5 dxe5 11. Nd2 Nf4 12. Bf3 Nb6 13. a4 Be6 14. a5 Nc4 15. Nxc4 Bxc4 16. Qxd8 Rfxd8 17. Rfd1 a6 18.
b3 Be6 19. Na4 Rxd1+ 20. Rxd1 Re8 21. Nc5 Bc8 22. h4 h5 23. g3 Ne6 24. Nd3 Nd4 25.
Bxd4 exd4 26. Re1 Be5 27. Bg2 c6 28. b4 Bc7 29. f4 Be6 30. Nc5 Bc8 31. Bf1 f6 32.
Bc4+ Kg7 33. Kg2 Bd6 34. Bd3 Bxc5 35. bxc5 Kf7 36. Kf2 Be6 37. Rb1 Re7 38. Rb4 Rd7 39. Ke2 f5 40. e5 Ke7 41. Kd2 Rd5 42. Rxb7+ Bd7 43. e6 Kxe6 44. Bc4 Bc8 45. Rc7 Bd7 46. Bxd5+ cxd5 47. c6 Be8 48. Rg7 Bf7 49. Rxf7 Kxf7 50. c7 1-0

[Event "*** Titled Tuesday Blitz"]
[Site "Chess.com"]
[Date "2020.10.20"]
[Round "3"]
[White "lucachess49"]
[Black "bait_or_mate"]
[Result "0-1"]
[WhiteElo "2377"]
[BlackElo "2604"]
[TimeControl "180+1"]
[EndTime "10:28:50 PDT"]
[Termination "bait_or_mate won by resignation"]

1. d4 Nf6 2. c4 e6 3. Nc3 Bb4 4. e3 O-O 5. Ne2 Re8 6. a3 Bf8 7. Ng3 d5 8. Be2 c5 9. cxd5 Nxd5 10. O-O Nxc3 11. bxc3 Nc6 12. Bd3 e5 13. d5 Ne7 14.
c4 g6 15. Bb2 Bg7 16. Bc2 b6 17.
Ba4 Bd7 18. Ne4 Nc8 19. Re1 f5 20. Nc3 Nd6 21. Qb3 Qe7 22. Bxd7 Qxd7 23. a4 Rab8 24.
Nb5 Nf7 25. Nc3 e4 26. Nb5 Ne5 27. Bxe5 Bxe5 28. Rad1 a6 29. Nc3 Bxc3 30. Qxc3 Qxa4 31. Ra1 Qd7 32. Rxa6 b5 33. h4 b4 34. Qb2 Qb7 35. Rd6 Ra8 36. h5 Qe7 37. Re6 Qf7 38. hxg6 hxg6 39. Rc6 Rec8 40. Rxc8+ Rxc8 41. Ra1 Kh7 42. Ra6 Rc7 43. Qe5 Rb7 44. g3 b3 45. Qb2 Qg7 46.
Kg2 0-1

[Event "*** Titled Tuesday Blitz"]
[Site "Chess.com"]
[Date "2020.10.20"]
[Round "3"]
[White "jlmanzanares"]
[Black "BlackBoarder"]
[Result "0-1"]
[WhiteElo "2244"]
[BlackElo "2593"]
[TimeControl "180+1"]
[EndTime "10:28:51 PDT"]
[Termination "BlackBoarder won by checkmate"]

1. e4 e6 2. d4 d5 3. Nd2 c5 4.
Ngf3 cxd4 5. exd5 Qxd5 6. Nb3 e5 7. c3 Nc6 8. cxd4 Bg4 9. Be2 e4 10. Nfd2 h5 11. O-O Nf6 12. f3 exf3 13. Bxf3 Bxf3 14. Nxf3 Be7 15. Ne5 Nxe5 16. dxe5 Qxe5 17. Bf4 Qxb2 18. Bd6 Rd8 19. Re1 O-O 20. Rxe7 Ne8 21.
Qxh5 Nxd6 22. Rf1 g6 23. Qg4 Qxa2 24. Nd4 Qd5 25. Kh1 Rfe8 26. Rxe8+ Rxe8 27. Nf3 b5 28. Qh4 Nf5 29. Qf6 Ne3 30. Re1 Qe6 31. Qg5 b4 32. Nd4 Qe4 33. Nf3 b3 34. Qh6 b2 35. h4 b1=Q 36.
Rxb1 Qxb1+ 37. Kh2 Qe4 38. Ng5 Qxg2# 0-1

[Event "*** Titled Tuesday Blitz"]
[Site "Chess.com"]
[Date "2020.10.20"]
[Round "3"]
[White "Anna_ChessMate"]
[Black "indfraeng"]
[Result "1-0"]
[WhiteElo "2533"]
[BlackElo "2342"]
[TimeControl "180+1"]
[EndTime "10:28:52 PDT"]
[Termination "Anna_ChessMate won by resignation"]

1. d4 d5 2. c4 c6 3. Nf3 Nf6 4. Nc3 e6 5. e3 Nbd7 6. Bd3 dxc4 7. Bxc4 b5 8. Bd3 Bd6 9. Qc2 O-O 10. Ne4 Bb4+ 11. Bd2 Bxd2+ 12. Nfxd2 Qc7 13. Rc1 Bb7 14. O-O a6 15. b4 Qb6 16. a3 a5 17. Nd6 axb4 18. axb4 Ra4 19. Nxb7 Qxb7 20. Qxc6 Qxc6 21. Rxc6 Rxb4 22. h3 Rb8 23. Rfc1 g6 24. Nf3 Rb3 25. Bc2 Rb2 26. Ne1 b4 27. Nd3 Ra2 28. Bb3 Ra3 29. Rb1 Ne4 30. Rb2 Kg7 31. Rc7 Ndf6 32. Ne5 Nd6 33. Bxe6 Rc3 34. Rxc3 bxc3 35. Rxb8 c2 36. Nd3 fxe6 37. Rb2 Nd5 38. Rxc2 Kf6 39. Ne5 Nf7 40.
Nxf7 Kxf7 41. Kf1 Kf6 42. Ke2 Kf5 43. Kf3 g5 44. e4+ 1-0

[Event "*** Titled Tuesday Blitz"]
[Site "Chess.com"]
[Date "2020.10.20"]
[Round "3"]
[White "alexwinter25"]
[Black "WIDBIFS"]
[Result "0-1"]
[WhiteElo "2372"]
[BlackElo "2739"]
[TimeControl "180+1"]
[EndTime "10:28:53 PDT"]
[Termination "WIDBIFS won on time"]

1. e4 c6 2. d4 d5 3. exd5 cxd5 4. c4 Nf6 5. Nc3 Nc6 6. Nf3 a6 7. cxd5 Nxd5 8. Bc4 Be6 9. Qe2 Nxc3 10. bxc3 Bxc4 11.
Qxc4 e6 12. O-O Be7 13. a4 Rc8 14. Qd3 O-O 15. Rb1 Qc7 16. c4 Nb4 17. Qe4 Qxc4 18.
Qxb7 Nd5 19. Bg5 Bxg5 20. Nxg5 Nc3 21. Ra1 Rc7 22. Qb6 Nd5 23. Qa5 Rc6 24. Nf3 Qc3 25.
Qxc3 Nxc3 26. g3 Rc4 27. a5 f6 28. Kg2 Rfc8 29. Rfc1 Nb5 30. Rxc4 Rxc4 31. Rd1 Kf7 32. d5 e5 33. d6 Ke8 34. d7+ Kd8 35. Nh4 g6 36. Rd5 Rd4 0-1

[Event "*** Titled Tuesday Blitz"]
[Site "Chess.com"]
[Date "2020.10.20"]
[Round "3"]
[White "Ind1anStar"]
[Black "tylityli"]
[Result "0-1"]
[WhiteElo "2445"]
[BlackElo "2233"]
[TimeControl "180+1"]
[EndTime "10:28:53 PDT"]
[Termination "tylityli won on time"]

1. c4 c5 2. Nf3 Nf6 3. Nc3 d5 4. cxd5 Nxd5 5. e3 Nc6 6. d4 e6 7.
a3 Nxc3 8. bxc3 Be7 9. Bd3 O-O 10.
O-O b6 11. Qe2 Bb7 12. Bb2 Na5 13. Rad1 Qc7 14. e4 c4 15. Bb1 b5 16. g3 Rad8 17. Bc1 Nb3 18. Bf4 Bd6 19. e5 Bxa3 20. Ng5 h6 21.
Nh7 Be7 22. Nxf8 Bxf8 23. Qc2 g6 24. h4 h5 25. f3 Bg7 26. Ba2 Bd5 27. Bg5 Rc8 28. Qe2 a5 29. Bb1 b4 30. Bd2 a4 31. cxb4 c3 32. Bxc3 Qxc3 33. Be4 Bc4 34. Qe1 Bxf1 35. Qxf1 Nxd4 0-1

[Event "*** Titled Tuesday Blitz"]
[Site "Chess.com"]
[Date "2020.10.20"]
[Round "3"]
[White "TigranMukhutdinov"]
[Black "avantage_ru"]
[Result "0-1"]
[WhiteElo "2519"]
[BlackElo "2797"]
[TimeControl "180+1"]
[EndTime "10:28:54 PDT"]
[Termination "avantage_ru won by resignation"]

1. Nf3 h6 2. g3 g5 3. Bg2 Bg7 4.
d4 d6 5. c3 f5 6. O-O Nf6 7. Nbd2 O-O 8. Qc2 Nc6 9. e4 f4 10.
gxf4 gxf4 11. Nc4 Nh7 12. d5 Ne5 13. Ncxe5 dxe5 14. c4 Bg4 15. h3 Bh5 16. b4 Qd7 17. Qb3 a5 18. Bb2 Bxf3 19. Qxf3 Ng5 20. Qg4 Qxg4 21.
hxg4 f3 22. Bh1 axb4 23. Rfe1 Rf4 24. Bc1 Rxg4+ 25. Kh2 Rf8 26. Bxg5 hxg5 27. Re3 Rgf4 28. Kg3 g4 29. Rb1 Bf6 30. Rxb4 Kg7 31. Rxb7 Rh8 32. Bxf3 Bh4+ 33. Kg2 gxf3+ 34. Rxf3 Rxe4 35. Rxc7 Kg6 36. c5 Rd4 37. d6 exd6 38. Rc6 Rd8 39. a4 Rxa4 40.
cxd6 Rd7 41. Rc7 Rxd6 42. Rff7 Bf6 43. Rf8 Rg4+ 44. Kf3 Rf4+ 45. Kg2 Rd2 46. Rg8+ Kf5 0-1

[Event "*** Titled Tuesday Blitz"]
[Site "Chess.com"]
[Date "2020.10.20"]
[Round "3"]
[White "CM_rui"]
[Black "Chernobay_Artem"]
[Result "0-1"]
[WhiteElo "2369"]
[BlackElo "2576"]
[TimeControl "180+1"]
[EndTime "10:28:54 PDT"]
[Termination "Chernobay_Artem won by checkmate"]

1. e4 c5 2. Nf3 d6 3. c4 Nc6 4. d4 cxd4 5. Nxd4 Nf6 6. Nc3 g6 7. Be2 Bg7 8. Be3 O-O 9. O-O Bd7 10. Rc1 Nxd4 11. Bxd4 Bc6 12. f3 a5 13. Qd2 a4 14. Kh1 Qa5 15. Rfd1 Nd7 16. Bxg7 Kxg7 17. Qd4+ Kg8 18. f4 Rac8 19. Nd5 Bxd5 20. exd5 Qb4 21.
Bg4 Rc7 22. f5 Ne5 23. fxg6 hxg6 24. Be2 Rfc8 25. Rf1 b5 26. Rc3 Qxb2 27. Qe3 b4 28.
Rcc1 Qxa2 29. h4 b3 30. h5 b2 31. Rce1 Qb3 32. Qh6 Qg3 33. Rd1 Qh4+ 34. Kg1 a3 35. Rxf7 Nxf7 36. Qxg6+ Kf8 37. Rf1 Qd4+ 38. Kh1 Qg7 39. Qf5 a2 40. h6 Qxh6+ 41. Bh5 Qf6 42. Qh7 Qxf1+ 43. Kh2 Qf4+ 44. Kh3 Ng5# 0-1

[Event "*** Titled Tuesday Blitz"]
[Site "Chess.com"]
[Date "2020.10.20"]
[Round "3"]
[White "Chessdreamer2020"]
[Black "TC2304"]
[Result "0-1"]
[WhiteElo "2463"]
[BlackElo "2271"]
[TimeControl "180+1"]
[EndTime "10:28:55 PDT"]
[Termination "TC2304 won on time"]

1. e4 c5 2. Nf3 d6 3. d4 cxd4 4. Qxd4 Nf6 5. h3 Nc6 6. Qe3 g6 7. Be2 Bg7 8. O-O O-O 9. Rd1 Be6 10. c4 Qc7 11. Nc3 Na5 12. Nd5 Nxd5 13. cxd5 Bd7 14. Nd4 Rfc8 15. b3 Qc3 16. Rb1 a6 17. Rd3 Bxd4 18. Rxd4 b5 19. Qxc3 Rxc3 20. Bd2 Rc2 21. a4 Nb7 22. Bd1 Rc7 23. b4 Rac8 24. a5 Nd8 25. f3 f5 26. Kf2 Nf7 27. f4 fxe4 28. g3 h5 29. Kg2 Nh6 30. Be3 Kf7 31. Rb2 Rc3 0-1

[Event "*** Titled Tuesday Blitz"]
[Site "Chess.com"]
[Date "2020.10.20"]
[Round "3"]
[White "chessmachine14"]
[Black "EvgenyRomanov"]
[Result "0-1"]
[WhiteElo "2325"]
[BlackElo "2602"]
[TimeControl "180+1"]
[EndTime "10:28:55 PDT"]
[Termination "EvgenyRomanov won on time"]

1. e4 c5 2. Nf3 d6 3. d4 cxd4 4. Nxd4 Nf6 5. Nc3 a6 6. Be3 e5 7.
Nb3 Be6 8. f3 h5 9. Qd2 Nbd7 10. a4 Rc8 11. a5 Be7 12. Be2 Qc7 13. O-O Qc6 14. Rfd1 O-O 15. Nc1 Rfd8 16. N1a2 Nf8 17.
Nb4 Qe8 18. Rdc1 Ng6 19. Ncd5 Nxd5 20. Nxd5 Bxd5 21. exd5 Bf6 22. Bb6 Rd7 23. Bd3 Ne7 24. Be4 g6 25. c4 Bg7 26. Bc2 Kh7 27. Ba4 Nf5 28. b4 Bh6 29. Qd3 Bxc1 30. Rxc1 Qe7 31. Bxd7 Qxd7 32. Rb1 Qa4 33. c5 Qa2 34. cxd6 Rc2 35. Qf1 Nxd6 36. Bc5 Nf5 37. d6 Nh4 38. Bf2 Rxf2 39. Qxf2 Qxb1+ 40. Qf1 Qxb4 41. Qd3 Qe1+ 0-1

[Event "*** Titled Tuesday Blitz"]
[Site "Chess.com"]
[Date "2020.10.20"]
[Round "3"]
[White "Belka1989"]
[Black "RobPeresian"]
[Result "1-0"]
[WhiteElo "2294"]
[BlackElo "2433"]
[TimeControl "180+1"]
[EndTime "10:28:55 PDT"]
[Termination "Belka1989 won by checkmate"]

1. d4 Nf6 2. Nf3 e6 3. Bf4 c5 4.
e3 Qb6 5. Na3 a6 6. Nc4 Qd8 7. dxc5 Bxc5 8. Nd6+ Kf8 9. Ng5 Bxd6 10. Bxd6+ Kg8 11. h4 h6 12. Nf3 Ne4 13. c3 Qb6 14.
Ba3 d5 15. Bd3 Nc6 16. Bxe4 dxe4 17. Nd2 f5 18. Nc4 Qb5 19. Nd6 Qe5 20. Qh5 Qf6 21. f4 g6 22. Qe2 h5 23. O-O-O Kh7 24. Qc4 Rd8 25. Bc5 Qg7 26. Bb6 Rd7 27. Nxc8 Rxc8 28. Qxe6 Rxd1+ 29. Rxd1 Qg8 30. Qd7+ Kh6 31. Kb1 a5 32. Qxb7 a4 33. Rd6 Nb8 34. Qd5 Qe8 35. Qe6 Qb5 36. Qxg6# 1-0

[Event "*** Titled Tuesday Blitz"]
[Site "Chess.com"]
[Date "2020.10.20"]
[Round "3"]
[White "regular_legs"]
[Black "jlucasvf"]
[Result "0-1"]
[WhiteElo "2517"]
[BlackElo "2793"]
[TimeControl "180+1"]
[EndTime "10:28:56 PDT"]
[Termination "jlucasvf won on time"]

1. d4 g5 2. Bxg5 c5 3. d5 Bg7 4.
c3 Nf6 5. g3 Qb6 6. Bc1 d6 7.
Bg2 Bf5 8. Nh3 h5 9. Na3 h4 10. Nf4 Nbd7 11. Qa4 a6 12. Nc4 Qd8 13. Ne3 b5 14. Qd1 Bh7 15. O-O Ne5 16. a4 b4 17.
c4 Qd7 18. b3 O-O-O 19. Bh3 Nfg4 20. Bb2 f5 21. Ne6 Bf6 22. Nxg4 fxg4 23. Bg2 Rdg8 24.
Qd2 Bg6 25. Rad1 Rh7 26. Qe3 Rh5 27. Be4 Bxe4 28. Qxe4 Rgh8 29. Bxe5 Bxe5 30. Qxg4 hxg3 31. hxg3 Kb8 32. Kg2 Rh2+ 33. Kf3 Qe8 34. Ke4 Rg8 35.
Qf5 Rh5 36. Qf3 Qg6+ 37. Ke3 Bc3 38. Nf4 Re5+ 0-1

[Event "*** Titled Tuesday Blitz"]
[Site "Chess.com"]
[Date "2020.10.20"]
[Round "3"]
[White "GMBenjaminBok"]
[Black "valeriocarnicelli"]
[Result "1-0"]
[WhiteElo "2937"]
[BlackElo "2600"]
[TimeControl "180+1"]
[EndTime "10:28:56 PDT"]
[Termination "GMBenjaminBok won by resignation"]

1. d4 d5 2. c4 c6 3. Nf3 Nf6 4. Nc3 e6 5. e3 Nbd7 6. Qc2 Bd6 7. b3 O-O 8. Be2 b6 9. O-O Bb7 10. Bb2 Rc8 11. Rad1 c5 12. dxc5 bxc5 13. cxd5 exd5 14. Qf5 Qe7 15. Rfe1 Qe6 16. Qg5 h6 17. Qh4 Ne5 18. Nb5 Ng6 19. Qa4 Bc6 20. Qa6 Bxb5 21. Qxb5 Ne4 22. Qd3 Rfd8 23. g3 Ne7 24. Bf1 c4 25. Qd4 c3 26. Ba1 Bc5 27. Qa4 Nf5 28.
Nd4 Nxd4 29. exd4 Qf6 30. dxc5 Qxf2+ 31. Kh1 Rxc5 32. Qd4 Qf3+ 33. Bg2 Nf2+ 34. Kg1 Qxd1 35. Rxd1 Nxd1 36. Qxc5 1-0

[Event "*** Titled Tuesday Blitz"]
[Site "Chess.com"]
[Date "2020.10.20"]
[Round "3"]
[White "chesstrainer2042"]
[Black "poppy73"]
[Result "1-0"]
[WhiteElo "2467"]
[BlackElo "2229"]
[TimeControl "180+1"]
[EndTime "10:28:56 PDT"]
[Termination "chesstrainer2042 won on time"]

1. e4 c5 2. Nc3 a6 3. Nge2 d6 4. g3 g6 5. Bg2 Bg7 6. O-O Nc6 7. d3 e5 8. f4 Nge7 9. Be3 f5 10. Qd2 O-O 11.
fxe5 Nxe5 12. Bh6 Bxh6 13. Qxh6 Ng4 14. Qd2 fxe4 15. Nxe4 Nf5 16. N2c3 Nge3 17. Rf4 Nxg2 18. Qxg2 Bd7 19. Raf1 Qe7 20. Qf2 Nd4 21. Nd5 Qg7 22. Ndf6+ Kh8 23. c3 Ne6 24. Rh4 g5 25. Rh5 Qg6 26. Qg2 d5 27. Qh3 1-0

[Event "*** Titled Tuesday Blitz"]
[Site "Chess.com"]
[Date "2020.10.20"]
[Round "3"]
[White "zurzan"]
[Black "elegant285"]
[Result "0-1"]
[WhiteElo "2001"]
[BlackElo "2310"]
[TimeControl "180+1"]
[EndTime "10:28:56 PDT"]
[Termination "elegant285 won by resignation"]

1. f4 d5 2. Nf3 g6 3. g3 Bg7 4. Bg2 c5 5. O-O Nc6 6. d3 Nf6 7. c3 O-O 8. Qc2 d4 9. e4 dxe3 10.
Bxe3 Qd6 11. Na3 Ng4 12. Nc4 Nxe3 13. Nxe3 Be6 14. Rad1 Rfd8 15. Ng5 Rac8 16. Nxe6 Qxe6 17. b3 Qxe3+ 18. Kh1 Qe6 19. Rfe1 Qd7 20. h3 b5 21. a3 b4 22. axb4 cxb4 23. c4 Bc3 24. Re4 Nd4 25. Qf2 Nxb3 26. g4 Bg7 27. f5 Nc5 28. fxg6 hxg6 29. Rf1 Rf8 30. Re2 Nxd3 31. Qf3 Ne5 32.
Qb3 a5 33. Bd5 e6 34. Bg2 Qd3 35. Qb2 Nxc4 36. Qc2 Qxc2 37. Rxc2 b3 38. Rcc1 b2 39. Rb1 Nd2 40. Bf3 Nxf1 41. Rxf1 Rc1 42. Rd1 0-1

[Event "*** Titled Tuesday Blitz"]
[Site "Chess.com"]
[Date "2020.10.20"]
[Round "3"]
[White "lelya96"]
[Black "konradrutkowski"]
[Result "0-1"]
[WhiteElo "2177"]
[BlackElo "2436"]
[TimeControl "180+1"]
[EndTime "10:28:57 PDT"]
[Termination "konradrutkowski won by checkmate"]

1. d4 Nf6 2. Nc3 d5 3. Bf4 c6 4. e3 Bf5 5. Bd3 e6 6. h3 Nbd7 7. Nge2 Be7 8. O-O O-O 9. Bh2 Bxd3 10. Qxd3 c5 11. e4 cxd4 12. Qxd4 dxe4 13. Nxe4 Nxe4 14. Qxe4 Nf6 15. Qa4 Qb6 16. b3 Rac8 17. c4 Rfd8 18. Rad1 Ne4 19. c5 Nxc5 20. Qg4 Nd3 21. Nf4 Nxf2 22.
Rxf2 Rxd1+ 23. Qxd1 Bc5 24. Bg3 Be3 25. Ne2 Rd8 26. Qf1 Rd2 27. Bf4 Bxf2+ 28. Kh2 Rxa2 29. Nc3 Rc2 30. Ne4 h6 31. Qd3 Bg1+ 32. Kg3 Rc8 33.
Nd6 Qf2+ 34. Kg4 Rc5 35. h4 h5+ 36. Kh3 Qxf4 37. Ne4 Qg4# 0-1

[Event "*** Titled Tuesday Blitz"]
[Site "Chess.com"]
[Date "2020.10.20"]
[Round "3"]
[White "SophieNikoladze"]
[Black "witcher8"]
[Result "1-0"]
[WhiteElo "2285"]
[BlackElo "2426"]
[TimeControl "180+1"]
[EndTime "10:28:58 PDT"]
[Termination "SophieNikoladze won by checkmate"]

1. d4 Nf6 2. Nf3 g6 3. g3 Bg7 4. Bg2 O-O 5. O-O d6 6. c4 Nc6 7. Nc3 a6 8. Re1 Rb8 9. a4 a5 10. e4 Bg4 11. Be3 Nd7 12. Qd2 e5 13. d5 Bxf3 14.
Bxf3 Nd4 15. Bd1 c5 16. Nb5 Nb6 17. b3 Nc8 18. Rb1 f5 19. Bg5 Bf6 20. Bh6 Rf7 21. Nxd4 cxd4 22. exf5 gxf5 23. Bh5 Rc7 24. f3 Bg7 25.
Bg5 Bf6 26. h4 Bxg5 27. hxg5 Rg7 28. f4 h6 29. fxe5 Rxg5 30. Qh2 dxe5 31. Rxe5 Nd6 32. Rf1 d3 33. Bf3 Qf8 34. Re6 d2 35. Rxh6 Qg7 36.
Kf2 Ne4+ 37. Bxe4 fxe4 38. Ke2 e3 39. Rh1 Qd4 40. Rh8+ Kf7 41. Qh7+ Rg7 42. Qf5+ Ke7 43. Qe6# 1-0

[Event "*** Titled Tuesday Blitz"]
[Site "Chess.com"]
[Date "2020.10.20"]
[Round "3"]
[White "anon569"]
[Black "giantslayer83"]
[Result "0-1"]
[WhiteElo "2270"]
[BlackElo "2700"]
[TimeControl "180+1"]
[EndTime "10:28:58 PDT"]
[Termination "giantslayer83 won by checkmate"]

1. e4 c6 2. d4 d5 3. Nd2 dxe4 4. Nxe4 Bf5 5. Ng3 Bg6 6. h4 h6 7. Nh3 Nf6 8. Nf4 Bh7 9. Bc4 e5 10. dxe5 Qxd1+ 11. Kxd1 Ng4 12. Nd3 Bxd3 13. cxd3 Nxf2+ 14.
Kc2 Nxh1 15. Nxh1 Nd7 16. Bf4 Nb6 17. Bb3 Rd8 18. Nf2 Nd5 19. Bg3 Ne3+ 20. Kd2 Nf5 21. Bh2 Nxh4 22. Ne4 Nxg2 23. Rf1 Bb4+ 24. Ke2 O-O 25.
Rg1 Nh4 26. Rg4 Nf5 27. Bf4 Kh7 28. Be3 Nxe3 29. Kxe3 Be7 30. d4 f5 31. exf6 Bxf6 32.
Nxf6+ Rxf6 33. Bc2+ Kh8 34. Re4 Rfd6 35. Bb3 g5 36.
Re7 R6d7 37. Re6 Kg7 38. Bc2 Rxd4 39. Rg6+ Kf7 40. Rxh6 Rd2 41. Bb3+ Kg7 42. Re6 Rxb2 43. Re7+ Kf6 44. Rxb7 g4 45. Rf7+ Kg6 46. Rc7 Rd6 47.
Kf4 Rd4+ 48. Kg3 Kg5 49. Rxc6 Rd3# 0-1

[Event "*** Titled Tuesday Blitz"]
[Site "Chess.com"]
[Date "2020.10.20"]
[Round "3"]
[White "dpopadic"]
[Black "Azatic"]
[Result "1-0"]
[WhiteElo "2382"]
[BlackElo "2559"]
[TimeControl "180+1"]
[EndTime "10:28:59 PDT"]
[Termination "dpopadic won by resignation"]

1. e4 c5 2. Nc3 e6 3. d3 Nc6 4. g4 d5 5. Bg2 dxe4 6. Nxe4 Be7 7. Nh3 Nf6 8. O-O O-O 9. Be3 Nxe4 10. dxe4 e5 11.
f3 Qb6 12. Qc1 Be6 13. c3 Rad8 14. b4 Qb5 15. a3 Qc4 16. Nf2 a6 17. Re1 cxb4 18.
axb4 Qb5 19. Qc2 Bc4 20. Red1 h6 21. Bf1 Bxf1 22. Rxf1 Rd7 23. Rfd1 Rfd8 24. Rxd7 Rxd7 25. Rd1 Rxd1+ 26. Qxd1 Qc4 27. Qd3 Qb3 28. Kg2 Bh4 29. Qd2 Qe6 30. Qd5 Qe7 31. Nd3 Bg5 32. Bc5 Qe8 33. Bd6 Bf6 34. b5 axb5 35. Qxb5 Qc8 36. Ba3 Qa8 37. Qb3 Qa6 38. Nf2 Bh4 39. Qb2 Qd3 40. Nxd3 Na5 41. Qb5 1-0

[Event "*** Titled Tuesday Blitz"]
[Site "Chess.com"]
[Date "2020.10.20"]
[Round "3"]
[White "Margarita2907"]
[Black "Shuvalov"]
[Result "0-1"]
[WhiteElo "2175"]
[BlackElo "2459"]
[TimeControl "180+1"]
[EndTime "10:28:59 PDT"]
[Termination "Shuvalov won on time"]

1. e4 e6 2. d4 d5 3. Nd2 c5 4. Ngf3 Nc6 5. c3 Nf6 6. Bd3 cxd4 7. cxd4 dxe4 8. Nxe4 Nxe4 9. Bxe4 Bb4+ 10. Bd2 Bxd2+ 11. Qxd2 O-O 12. O-O Qb6 13. Rfd1 Rd8 14. Qc3 Bd7 15. d5 exd5 16. Bxd5 Be8 17. b3 Ne7 18. Bc4 Rxd1+ 19.
Rxd1 Rd8 20. Qc2 h6 21. h3 Rd6 22. Rxd6 Qxd6 23. Qe4 Bc6 24. Qe3 a6 25. Nd4 Bd5 26.
Bxd5 Nxd5 27. Qe8+ Qf8 28. Qd7 Qc5 29. Qe8+ Qf8 30.
Qd7 Qc5 31. Qe8+ Kh7 32. Qe4+ g6 33. g3 Nc3 34. Qf4 Qxd4 35. Qxf7+ Qg7 36. Qc4 b5 37. Qc6 a5 0-1

[Event "*** Titled Tuesday Blitz"]
[Site "Chess.com"]
[Date "2020.10.20"]
[Round "3"]
[White "Xeniya2005"]
[Black "RobertoJBM"]
[Result "0-1"]
[WhiteElo "2408"]
[BlackElo "2693"]
[TimeControl "180+1"]
[EndTime "10:29:02 PDT"]
[Termination "RobertoJBM won by resignation"]

1. e4 c6 2. d4 d5 3. Nd2 dxe4 4. Nxe4 Nd7 5. Nf3 Ngf6 6. Nxf6+ Nxf6 7. c3 Bg4 8. Be2 e6 9. Bf4 Bd6 10. Bxd6 Qxd6 11.
h3 Bxf3 12. Bxf3 O-O 13. O-O Rad8 14. Qe2 Rfe8 15. Rfe1 Qc7 16. Rad1 Rd7 17. g3 Red8 18. Kg2 h6 19. Qe5 Qxe5 20. Rxe5 Kf8 21. h4 g6 22.
Rde1 h5 23. Kh3 Kg7 24. a4 Rc7 25. a5 Nd7 26. R5e3 b6 27. axb6 axb6 28. Ra1 Rb8 29. Ra3 c5 30. dxc5 bxc5 31. b3 Kf6 32. Re4 Nb6 33. b4 Nd5 34. Rb3 cxb4 35. cxb4 Rb6 36. Rd4 Ne7 37. b5 Rc5 38. Rdb4 Nc8 39. Be2 Nd6 40. Ra4 Rc2 41. Bd3 Rxf2 42. Ra6 Rxa6 43. bxa6 Ra2 44. Rb6 Nf5 45. Rb7 Nd4 46.
Be4 Rxa6 47. Bd3 Ra3 48. Be4 Ne2 0-1

[Event "*** Titled Tuesday Blitz"]
[Site "Chess.com"]
[Date "2020.10.20"]
[Round "3"]
[White "Ashedu66"]
[Black "Snegokhod"]
[Result "0-1"]
[WhiteElo "2178"]
[BlackElo "2440"]
[TimeControl "180+1"]
[EndTime "10:29:02 PDT"]
[Termination "Snegokhod won on time"]

1. d4 Nf6 2. Nf3 g6 3. c4 Bg7 4.
Nc3 d5 5. Bf4 O-O 6. Rc1 c5 7.
dxc5 Qa5 8. cxd5 Qxc5 9. e4 Qb4 10. Qb3 Qa5 11. Bd2 Nbd7 12. Qb5 Qd8 13. h3 a6 14. Qb4 b5 15. a4 a5 16. Qxb5 Rb8 17. Qc4 Rxb2 18.
Bd3 Rb4 19. Qa2 Nc5 20. Bb1 Nfxe4 21. Nxe4 Rxe4+ 22. Bxe4 Nxe4 23. O-O Nxd2 24. Qxd2 Bd7 25. Rc4 Bf6 26. Rfc1 Qb6 27. Qe3 Qa6 28. Ne5 Bf5 29. Nc6 e6 30. d6 Qb7 31. Ne7+ Bxe7 32. Rc7 Qb4 33. dxe7 Re8 34. Rc8 Qxe7 35. Qh6 e5 36. R1c7 Bxc8 37. Rxe7 Rxe7 38. Qe3 Bd7 39. Qc5 Re6 40.
Qxa5 e4 41. Qd8+ Be8 42. a5 Kf8 43. Qc8 Rc6 44. Qb7 Rc1+ 45. Kh2 Bc6 46. Qb4+ Kg8 47. a6 e3 48. fxe3 Rc2 0-1

[Event "*** Titled Tuesday Blitz"]
[Site "Chess.com"]
[Date "2020.10.20"]
[Round "3"]
[White "bascheyaro"]
[Black "ArjunErigaisi2003"]
[Result "0-1"]
[WhiteElo "2724"]
[BlackElo "3035"]
[TimeControl "180+1"]
[EndTime "10:29:03 PDT"]
[Termination "ArjunErigaisi2003 won by resignation"]

1. d4 Nf6 2. c4 g6 3. Nf3 Bg7 4. Nc3 O-O 5. g3 d5 6. c5 b6 7. cxb6 axb6 8. Bg2 c5 9. O-O Bb7 10. b3 cxd4 11. Nxd4 e5 12. Ndb5 Qd7 13. Bg5 d4 14. Bxf6 Bxf6 15. Ne4 Bg7 16. Nbd6 Bc6 17. Nc4 Ra6 18. f3 f5 19. Nf2 b5 20. Nb2 Qe7 21.
Qd2 Nd7 22. Nbd3 e4 23. fxe4 fxe4 24. Qb4 Qe8 25. Nc5 Nxc5 26. Qxc5 d3 27. exd3 Bxa1 28. Rxa1 exd3 29. Bd5+ Kg7 30. Qd4+ Rf6 31. Bxc6 Qxc6 32. Ng4 Qb6 33. Qxb6 Rfxb6 34. Kf2 Re6 35. Ne3 Ra8 36. Nd5 Re2+ 37. Kf3 Rf8+ 38. Kg4 h5+ 39. Kh3 Rff2 40. Kh4 Rxh2+ 0-1

[Event "*** Titled Tuesday Blitz"]
[Site "Chess.com"]
[Date "2020.10.20"]
[Round "3"]
[White "LyonBeast"]
[Black "nrvisakh"]
[Result "1-0"]
[WhiteElo "3028"]
[BlackElo "2724"]
[TimeControl "180+1"]
[EndTime "10:29:03 PDT"]
[Termination "LyonBeast won by checkmate"]

1. d4 Nf6 2. Nf3 d5 3. c4 e6 4. Nc3 dxc4 5. e4 Bb4 6. Bxc4 Nxe4 7. O-O Nxc3 8. bxc3 Be7 9. Ne5 O-O 10. Qg4 Nc6 11. Re1 f5 12. Qg3 Nxe5 13. Rxe5 Bd6 14. Bf4 Bxe5 15.
Bxe5 Rf7 16. h4 a5 17. Re1 c6 18. a3 b5 19. Ba2 b4 20. a4 bxc3 21. Qxc3 Bd7 22.
Qg3 Rc8 23. Rc1 h6 24. Bc4 Qe8 25. Ba6 Ra8 26. Be2 c5 27. Bh5 Bxa4 28. Rxc5 Raa7 29. d5 exd5 30. Rxd5 Qe6 31. Rd6 Qb3 32. Rd8+ Rf8 33.
Rxf8+ Kxf8 34. Qg6 Qb1+ 35. Kh2 Qe4 36. f4 Re7 37.
Bd6 Be8 38. Qxe8# 1-0